 Dungeon Crawl Stone Soup version 0.26.1-11-gd32895ea62 (webtiles) character file.

Game seed: 9043548713007748888

79187 RepoMan the Gelid (level 16, -16/127 HPs)
             Began as a Formicid Ice Elementalist on June 18, 2021.
             Was a Priest of the Shining One.
             Demolished by a dire elephant (24 damage)
             ... on level 6 of the Lair of Beasts.
             The game lasted 02:07:11 (22416 turns).

RepoMan the Gelid (Formicid Ice Elementalist)      Turns: 22416, Time: 02:07:13

Health: -16/127    AC: 11    Str: 18    XL:     16   Next: 10%
Magic:  8/31       EV: 12    Int: 26    God:    the Shining One [***...]
Gold:   1288       SH: 12    Dex: 17    Spells: 8/38 levels left

rFire    . . .     SeeInvis +   a - +5 battleaxe
rCold    . . .     Faith    .   (no shield)
rNeg     + . .     Spirit   .   F - +0 acid dragon scales
rPois    +         Reflect  +   (helmet unavailable)
rElec    .         Harm     .   D - +0 cloak
rCorr    +         Rampage  .   B - +1 pair of gloves {Str+3}
Will     +....                  (no boots)
Stlth    +.........             s - amulet of reflection
HPRegen  0.31/turn              p - ring "Yppah" {rPois Dex+6 Stlth+}
MPRegen  0.22/turn              d - +6 ring of intelligence

@: divine shield, no potions, glowing
A: permanent stasis, dig shafts and tunnels, four strong arms, antennae 3
a: Dig, Shaft Self, Renounce Religion, Divine Shield


You were on level 6 of the Lair of Beasts.
You worshipped the Shining One.
The Shining One was most pleased with you.
You visited 3 branches of the dungeon, and saw 19 of its levels.
You also visited: Sewer.

You collected 1288 gold pieces.

Inventory:

Hand Weapons
 a - a +5 battleaxe (weapon)
 f - a +3 hand axe of flaming
Armour
 B - a +1 pair of gloves of strength (worn)
 D - a +0 cloak (worn)
 F - +0 acid dragon scales (worn)
Jewellery
 d - a +6 ring of intelligence (right hand)
 p - the ring "Yppah" (left hand) {rPois Dex+6 Stlth+}
   (You found it on level 5 of the Lair of Beasts)

   [ring of dexterity]

   It affects your dexterity (+6).
   It protects you from poison.
   It makes you more stealthy.
 s - an amulet of reflection (around neck)
 v - a +4 ring of evasion
 H - an uncursed ring of flight
Wands
 l - a wand of flame (12)
 q - a wand of paralysis (21)
 x - a wand of acid (18)
 y - a wand of enslavement (7)
 I - a wand of polymorph (8)
Scrolls
 h - 2 scrolls of immolation {unknown}
 i - 6 scrolls of identify
 j - 5 scrolls of magic mapping
 k - 5 scrolls of enchant weapon
 m - 2 scrolls of enchant armour
 o - 8 scrolls of remove curse
Potions
 b - a potion of mutation
 c - a potion of magic {unknown}
 e - 2 potions of cancellation
 g - 5 potions of degeneration {unknown}
 n - a potion of ambrosia
 r - 2 potions of curing
 u - 3 potions of brilliance
 w - a potion of berserk rage {unknown}
 z - 5 potions of resistance {unknown}
 A - 2 potions of might {unknown}


   Skills:
 + Level 12.0 Fighting
 + Level 11.6 Axes
 - Level 6.1 Armour
 - Level 1.7 Dodging
 - Level 2.4 Stealth
 + Level 11.7 Spellcasting
 * Level 15.7 Ice Magic
 - Level 2.5 Invocations


You had 8 spell levels left.
You knew the following spells:

 Your Spells              Type           Power        Failure   Level
a - Freeze                Ice            100%         0%          1
b - Summon Ice Beast      Ice/Summ       54%          1%          4
c - Ozocubu's Armour      Ice            77%          1%          3
f - Ice Form              Ice/Tmut       54%          1%          4
h - Hailstorm             Conj/Ice       54%          1%          4
m - Metabolic Englaciati  Hex/Ice        27%          5%          5
o - Ozocubu's Refrigerat  Ice            38%          1%          6
r - Frozen Ramparts       Ice            100%         1%          3

Your spell library contained the following spells:

 Spells                   Type           Power        Failure   Level
 Beastly Appendage        Tmut           30%          4%          1
 Corona                   Hex            16%          4%          1
 Sting                    Tmut/Pois      60%          4%          1
 Summon Small Mammal      Summ           60%          4%          1
 Call Imp                 Summ           15%          8%          2
 Passwall                 Tmut/Erth      12%          8%          2
 Slow                     Hex            15%          8%          2
 Call Canine Familiar     Summ           15%          14%         3
 Ignite Poison            Fire/Tmut/Pois 15%          14%         3
 Inner Flame              Hex/Fire       15%          14%         3
 Portal Projectile        Hex/Tloc       30%          14%         3
 Summon Guardian Golem    Hex/Summ       15%          14%         3
 Simulacrum               Ice/Necr       27%          30%         6
 Cause Fear               Hex            7%           43%         4
 Leda's Liquefaction      Hex/Erth       7%           43%         4
 Passage of Golubria      Tloc           N/A          43%         4
 Summon Lightning Spire   Summ/Air       15%          43%         4
 Freezing Cloud           Conj/Ice/Air   21%          65%         6
 Fireball                 Conj/Fire      7%           80%         5
 Lee's Rapid Deconstruct  Erth           7%           80%         5
 Yara's Violent Unravell  Hex/Tmut       7%           80%         5
 Invisibility             Hex            15%          100%        6
 Starburst                Conj/Fire      7%           100%        6
 Statue Form              Tmut/Erth      10%          100%        6
 Summon Hydra             Summ           7%           100%        7
 Ignition                 Fire           7%           100%        8
 Swiftness                Air            Unusable     N/A         2

Dungeon Overview and Level Annotations

Branches:
Dungeon (12/15)            Temple (1/1) D:7            Lair (6/6) D:11
 Shoals (0/4) Lair:4        Snake (0/4) Lair:3        Slime (0/5) Lair:6
  Sewer (visited)
    Orc: D:9-12

Altars:
Ashenzari
Cheibriados
Dithmenos
Elyvilon
Fedhas
Gozag
Hepliaklqana
Kikubaaqudgha
Makhleb
Nemelex Xobeh
Okawaru
Qazlal
Ru
Sif Muna
Trog
Uskayaw
Vehumet
Wu Jian
Xom
Yredelemnul
Zin
The Shining One

Annotations:
D:6 1 runed translucent door, exclusion: door


Innate Abilities, Weirdness & Mutations

You cannot be hasted, slowed, berserked, paralysed or teleported.
You can dig through walls and to a lower floor.
Your four strong arms can wield two-handed weapons with a shield.
You have a pair of large antennae on your head. (SInv)


Message History

You cannot drink potions in your current state!
Okay, then.
Unknown command.
Casting: Ozocubu's Refrigeration (dangerous; 1% risk of failure)
Confirm with . or Enter, or press ? or * to list all spells.
Okay, then.
Unknown command.
Casting: Ozocubu's Refrigeration (dangerous; 1% risk of failure)
Confirm with . or Enter, or press ? or * to list all spells.
The heat is drained from your surroundings.
You feel very cold.
The dire elephants are frozen.
The dire elephant is heavily wounded.
The dire elephant is almost dead.
The dire elephant is severely wounded.
You block the dire elephant's attack.
The dire elephant trunk-slaps you but does no damage.
You block the dire elephant's attack. The dire elephant trunk-slaps you!
* * * LOW HITPOINT WARNING * * *
The dire elephant tramples you!!
You die...

...........##P..# #..##
...†.......##...# ##...#
P...##.....♣#...#####...##
######.#...♣#...'...##...#
#.###.......######..'....#
............♣# #....#...##
.............♣ #.####....#
.............♣##Y#..'...##
...P....#....♣#Y@#P.'.###
#...#........##Y##..#.#
...###...P..###.#...#.##
......#....♣#...#...#..#
....###....##.####[###.#
...###.....#..#≈..†###.#
...........#.##≈≈≈..##.#
...........#.#≈≈≈≈≈≈##.#
...........#.#.≈≈≈≈≈##.#


You could see 3 dire elephants.

Vanquished Creatures
  A boulder beetle (D:12)
  7 hydras
  3 two-headed ogres
  2 anacondas
  Sonja (D:10)
  2 unseen horrors (D:11)
  A lindwurm (Lair:5)
  An ugly thing (D:11)
  The ghost of e0n the Chiller, a novice MfIE (D:4)
  A merfolk siren (Lair:4)
  5 black mambas
  12 elephants
  10 cane toads
  A gargoyle (D:11)
  7 rime drakes
  10 komodo dragons
  2 trolls (D:10)
  11 blink frogs
  7 dream sheep (Lair:5)
  A centaur simulacrum (D:12)
  A shadow (D:11)
  4 wraiths (Lair:4)
  2 wyverns
  27 yaks
  5 basilisks
  Menkaure (D:6)
  4 nagas (Lair:3)
  3 acid dragons
  11 water moccasins
  6 orc warriors
  10 ogres
  2 black bears
  9 wolves
  4 sky beasts
  3 phantoms
  9 centaurs
  A big kobold (D:7)
  10 bullfrogs
  A gnoll sergeant (D:10)
  3 scorpions
  A water moccasin skeleton (D:7)
  10 wights
  3 howler monkeys
  4 electric eels
  3 centaur zombies
  11 hounds
  A bullfrog zombie (D:5)
  4 jellies
  A gnoll shaman (D:7)
  2 bullfrog skeletons
  8 orc priests
  4 centaur skeletons
  7 iguanas
  9 orc wizards
  10 worker ants
  7 hell rats (Lair:6)
  A hound zombie (D:5)
  A hound skeleton (D:10)
  A howler monkey zombie (D:10)
  A worker ant zombie (D:6)
  25 gnolls
  18 adders
  3 shadow imps
  2 white imps
  An ufetubus (D:7)
  14 oozes
  2 adder skeletons (D:4)
  An adder zombie (D:9)
  5 worms
  A dart slug (D:1)
  18 leopard geckos
  39 orcs
  24 giant cockroaches
  14 goblins
  8 hobgoblins
  13 jackals
  7 quokkas
  9 ball pythons
  8 bats
  11 frilled lizards
  A jackal skeleton (D:5)
  15 kobolds
  A quokka zombie (D:8)
  3 rats
534 creatures vanquished.

Vanquished Creatures (collateral kills)
  Josephine (Lair:4)
  A slime creature (Lair:6)
  2 blink frogs (Lair:4)
  A water moccasin (Lair:4)
5 creatures vanquished.

Vanquished Creatures (others)
  20 fungi
  32 plants
52 creatures vanquished.

Grand Total: 591 creatures vanquished

Notes
Turn   | Place    | Note
-------+----------+-------------------------------------------
     0 | D:1      | RepoMan the Formicid Ice Elementalist began the quest for
                  | the Orb.
     0 | D:1      | Reached XP level 1. HP: 13/13 MP: 3/3
   159 | D:1      | Reached XP level 2. HP: 19/19 MP: 3/5
   792 | D:1      | Reached XP level 3. HP: 24/24 MP: 4/6
  1270 | D:2      | Learned a level 3 spell: Frozen Ramparts
  1274 | D:2      | Learned a level 3 spell: Ozocubu's Armour
  1668 | D:2      | Reached XP level 4. HP: 30/30 MP: 4/8
  1670 | D:2      | Reached skill level 5 in Ice Magic
  1761 | D:2      | Found a shadowy altar of Dithmenos.
  2113 | D:2      | Reached XP level 5. HP: 35/35 MP: 3/9
  2190 | D:2      | Found a sacrificial altar of Ru.
  2422 | D:3      | Found a glowing drain.
  2459 | Sewer    | Entered a sewer
  2689 | Sewer    | Reached skill level 6 in Ice Magic
  2689 | Sewer    | Reached XP level 6. HP: 41/41 MP: 6/11
  3116 | Sewer    | Reached skill level 1 in Fighting
  3663 | D:3      | You fall into a shaft and drop 2 floors!
  3663 | D:5      | Entered Level 5 of the Dungeon
  3857 | D:5      | Reached XP level 7. HP: 38/48 MP: 9/13
  3938 | D:5      | Reached skill level 1 in Axes
  3955 | D:5      | Reached skill level 7 in Ice Magic
  4399 | D:4      | Reached skill level 1 in Armour
  4407 | D:4      | Reached XP level 8. HP: 25/57 MP: 2/15
  5000 | D:3      | Found a snail-covered altar of Cheibriados.
  5138 | D:4      | Found a basalt altar of Yredelemnul.
  5195 | D:4      | You fall into a shaft and drop 2 floors!
  5205 | D:6      | Found an ornate altar of the Wu Jian Council.
  5458 | D:4      | Found a large runed translucent door.
  5458 | D:4      | Found a large runed translucent door.
  5459 | D:4      | Noticed e0n's ghost (novice MfIE)
  5800 | D:4      | Killed e0n's ghost
  5801 | D:4      | Reached skill level 5 in Spellcasting
  5801 | D:4      | Reached skill level 8 in Ice Magic
  5987 | D:5      | Reached XP level 9. HP: 32/65 MP: 12/16
  6188 | D:5      | Found a burning altar of Makhleb.
  6599 | D:6      | Noticed Menkaure
  6608 | D:6      | Killed Menkaure
  7238 | D:6      | Reached skill level 9 in Ice Magic
  7253 | D:6      | Found an ancient bone altar of Kikubaaqudgha.
  7361 | D:6      | Found a runed translucent door.
  7589 | D:6      | Reached skill level 5 in Fighting
  8006 | D:7      | Reached XP level 10. HP: 54/74 MP: 16/19
  8368 | D:7      | Found an opulent altar of Gozag.
  8741 | D:7      | Reached skill level 5 in Armour
  8776 | D:7      | Found a staircase to the Ecumenical Temple.
  8785 | Temple   | Entered the Ecumenical Temple
  8939 | D:7      | Reached skill level 10 in Ice Magic
  9276 | D:5      | Reached skill level 5 in Axes
  9924 | D:8      | Noticed a two-headed ogre
  9936 | D:8      | Killed a two-headed ogre
 10032 | D:8      | Noticed a two-headed ogre
 10229 | D:8      | Killed a two-headed ogre
 10230 | D:8      | Reached XP level 11. HP: 83/83 MP: 15/21
 10466 | D:8      | Found a sparkling altar of Nemelex Xobeh.
 10497 | D:8      | Found a stormy altar of Qazlal.
 11054 | D:9      | Reached skill level 11 in Ice Magic
 11294 | D:9      | Found a glowing golden altar of the Shining One.
 11301 | D:9      | Became a worshipper of the Shining One
 11762 | D:10     | Entered Level 10 of the Dungeon
 11944 | D:10     | Noticed a two-headed ogre
 11950 | D:10     | Banished a two-headed ogre
 12071 | D:10     | Noticed Sonja
 12101 | D:10     | Identified the Volume of Creation and Moulding
 12170 | D:10     | Reached * piety under the Shining One
 12327 | D:10     | Learned a level 4 spell: Hailstorm
 12339 | D:10     | Killed Sonja
 12401 | D:10     | Noticed a two-headed ogre
 12406 | D:10     | Killed a two-headed ogre
 12418 | D:10     | Reached XP level 12. HP: 56/92 MP: 24/24
 12427 | D:10     | Learned a level 4 spell: Summon Ice Beast
 12706 | D:10     | Reached skill level 12 in Ice Magic
 13671 | D:11     | Found a staircase to the Lair.
 13738 | D:11     | Noticed an unseen horror
 13742 | D:11     | Killed an unseen horror
 14297 | D:12     | Reached ** piety under the Shining One
 14308 | D:12     | Noticed a boulder beetle
 14332 | D:12     | Noticed an unseen horror
 14333 | D:12     | Killed a boulder beetle
 14609 | D:12     | Noticed a boulder beetle
 14615 | D:11     | Killed an unseen horror
 14636 | Lair:1   | Entered Level 1 of the Lair of Beasts
 14764 | Lair:1   | Reached skill level 13 in Ice Magic
 15662 | Lair:2   | Noticed a seven-headed hydra
 15686 | Lair:2   | Noticed a seven-headed hydra
 15689 | Lair:2   | Reached XP level 13. HP: 64/101 MP: 19/26
 15834 | Lair:1   | Reached skill level 10 in Fighting
 15834 | Lair:1   | Reached skill level 10 in Spellcasting
 15834 | Lair:1   | Reached skill level 14 in Ice Magic
 15834 | Lair:1   | Reached XP level 14. HP: 110/110 MP: 26/28
 15835 | Lair:1   | Reached XP level 15. HP: 117/117 MP: 26/29
 16434 | Lair:2   | Reached skill level 10 in Axes
 17072 | Lair:3   | Reached skill level 15 in Ice Magic
 17559 | Lair:3   | Found a staircase to the Snake Pit.
 18788 | Lair:4   | Reached *** piety under the Shining One
 18813 | Lair:4   | Found a staircase to the Shoals.
 18855 | Lair:4   | Reached skill level 1 in Invocations
 19307 | Lair:4   | Noticed Josephine
 19323 | Lair:4   | Killed Josephine
 19876 | Lair:5   | Learned a level 4 spell: Ice Form
 19882 | Lair:5   | Learned a level 5 spell: Metabolic Englaciation
 19889 | Lair:5   | Learned a level 6 spell: Ozocubu's Refrigeration
 20123 | Lair:5   | Got a wavering amber ring
 20133 | Lair:5   | Identified the ring "Yppah" {rPois Dex+6 Stlth+} (You found
                  | it on level 5 of the Lair of Beasts)
 21080 | Lair:6   | Entered Level 6 of the Lair of Beasts
 21251 | Lair:6   | Reached **** piety under the Shining One
 21273 | Lair:6   | Reached XP level 16. HP: 115/127 MP: 26/31
 21382 | Lair:6   | Found a staircase to the Slime Pits.
 22343 | Lair:6   | Got a twisted chain mail
 22381 | Lair:6   | Identified the cursed +1 chain mail "Zizxog" {Stlth+} (You
                  | found it on level 6 of the Lair of Beasts)
 22412 | Lair:6   | HP: 4/127 [dire elephant (24)]
 22416 | Lair:6   | Demolished by a dire elephant

Illustrated notes

Levels and vault maps discovered:
D:1:      co_arrival_square_in_a_square_in_a_square, layout_basic,
          serial_bayou_pond_d, st_stairs_7, hex_tiny, minmay_tromino_v2
D:2:      layout_rooms, grunt_dithmenos_smoke, lemuel_coloured_pillars_altar
D:3:      layout_basic, overflow_temple_1_default, portal_sewer_entry_f,
          minmay_misc_feat_nine_boxes
D:4:      layout_rooms, overflow_temple_1_default, serial_rivers,
          chequers_serial_rivers_micro_a, chequers_serial_rivers_large_a,
          chequers_serial_rivers_room_b, chequers_serial_rivers_small_b,
          chequers_serial_rivers_micro_c, ebering_ghost_disaster_area
D:5:      layout_rooms, kennysheep_little_box
D:6:      layout_gridville, marbit_many_paths, nzn_wu_jian_council_hall,
          uniq_crazy_yiuf_cottage, uniq_menkaure
D:7:      layout_basic, grunt_gozag_statues, minmay_temple_entry_statues_pillars
D:8:      layout_loops_corners, nicolae_qazlal_eye_of_the_storm,
          nemelex_xobeh_ov_fountains_minmay
D:9:      layout_loops_ring, nicolae_tso_swordbearing_angel, grunt_decor_cap
D:10:     layout_layer_cave, due_unseen_surprise, uniq_sonja
D:11:     layout_loops_corners, david_lair_generic
D:12:     layout_roguey, orc_0_dummy
Temple:   jpeg_temple_clearing
Lair:1:   layout_regular_city, wad_woods_river_04,
          grunt_forest_small_clearing_treed, grunt_megastairs_1
Lair:2:   layout_chaotic_city
Lair:3:   layout_regular_city, minmay_snake_entry_guardpost_small,
          infiniplex_staircase_pool_2
Lair:4:   layout_gridlike, elwin_shoals_entry_rooms,
          chequers_serial_rivers_micro_b, infiniplex_staircase_pool,
          lemuel_fruit_fields, uniq_josephine
Lair:5:   nzn_winding_woodlands_cross [nzn_winding_woodlands_5x15_lazy_stream,
          nzn_winding_woodlands_5x15_default,
          nzn_winding_woodlands_5x15_concentric,
          nzn_winding_woodlands_5x15_river_crossing,
          nzn_winding_woodlands_15x15_eel_pit], layout_loops_ring,
          lemuel_fruit_tree
Lair:6:   due_jungle_book, layout_small_grid, minmay_slime_entry_pillars

Skill      XL: |  1  2  3  4  5  6  7  8  9 10 11 12 13 14 15 16 |
---------------+-------------------------------------------------+-----
Spellcasting   | 3 4 5 6 7 8 9 10 11 | 11.7
Ice Magic      | 5 6 7 8 9 10 11 13 14 15 | 15.7
Fighting       | 1 2 3 5 6 7 9 10 11 12 | 12.0
Axes           | 1 3 4 5 7 8 9 11 | 11.6
Armour         | 1 2 4 6 |  6.1
Invocations    | 2 |  2.5
Dodging        | |  1.7
Stealth        | |  2.4

Action                   |  1- 3 |  4- 6 |  7- 9 | 10-12 | 13-15 | 16-18 || total
-------------------------+-------+-------+-------+-------+-------+-------++-------
Melee: Club              |    12 |       |       |       |       |       ||    12
       Mace              |     4 |   101 |       |       |       |       ||   105
       War axe           |       |    18 |    58 |       |       |       ||    76
       Hand axe          |       |       |   116 |    57 |    52 |       ||   225
       Battleaxe         |       |       |       |   283 |   183 |    49 ||   515
 Cast: Freeze            |    39 |    43 |    28 |    25 |    10 |       ||   145
       Frozen Ramparts   |     1 |    29 |    45 |    59 |    49 |     5 ||   188
       Ozocubu's Armour  |       |     2 |     7 |    19 |    15 |     1 ||    44
       Summon Ice Beast  |       |       |       |       |     5 |     3 ||     8
       Hailstorm         |       |       |       |       |     2 |       ||     2
       Ozocubu's Refrige |       |       |       |       |       |     3 ||     3
       Metabolic Englaci |       |       |       |       |       |     1 ||     1
Invok: Divine Shield     |       |       |       |       |       |     2 ||     2
 Abil: Dig               |       |       |     2 |     2 |     3 |     8 ||    15
Evoke: Wand              |       |       |     4 |    11 |     7 |       ||    22
  Use: Scroll            |       |       |    10 |     6 |    10 |     1 ||    27
       Potion            |       |       |       |       |     2 |     4 ||     6
 Stab: Sleeping          |     1 |       |       |     1 |       |       ||     2
       Paralysed         |       |       |     2 |       |       |       ||     2
Armor: Robe              |     7 |    23 |     8 |       |       |       ||    38
       Leather armour    |       |       |    20 |    20 |       |       ||    40
       Acid dragon scale |       |       |       |    59 |    95 |    25 ||   179
Dodge: Dodged            |    30 |   111 |   135 |   234 |   162 |    17 ||   689
Block: Other             |       |       |       |    41 |    39 |    19 ||    99
       Reflection        |       |       |       |     5 |       |       ||     5
